 Dungeon Crawl Stone Soup version 0.21-a0-634-gaf8bc5d (webtiles) character file.

69 Megalobster the Charmwright (level 4, -5/34 HPs)
             Began as a Merfolk Skald on Dec 29, 2017.
             Killed by divine providence
             ... invoked by an orc priest
              (12 damage)
             ... on level 2 of the Dungeon.
             The game lasted 00:06:29 (2394 turns).

Megalobster the Charmwright (Merfolk Skald)         Turns: 2394, Time: 00:06:30

Health: -5/34      AC:  4    Str: 11    XL:     4   Next: 20%
Magic:  3/7        EV: 13    Int: 12    God:
Gold:   97         SH:  0    Dex: 14    Spells: 2/7 levels left

rFire    . . .     SeeInvis .   a - +0 spear
rCold    . . .     Gourm    .   (no shield)
rNeg     . . .     Faith    .   b - +0 leather armour
rPois    .         Spirit   .   o - +0 helmet
rElec    .         Reflect  .   (no cloak)
rCorr    .         Harm     .   (no gloves)
MR       .....                  (no boots)
Stlth    ++........             (no amulet)
HPRegen  0.11/turn              h - ring of stealth
MPRegen  0.10/turn              (no ring)

@: shrouded, infused
A: change form in water, swift swim, stealthy swim
a: no special abilities


You were on level 2 of the Dungeon.
You were not hungry.

You visited 1 branch of the dungeon, and saw 2 of its levels.

You collected 97 gold pieces.

Inventory:

Hand Weapons
 a - a +0 spear (weapon)
Missiles
 f - 3 tomahawks (quivered)
Armour
 b - a +0 leather armour (worn)
 o - a +0 helmet (worn)
Jewellery
 h - a ring of stealth (left hand)
Scrolls
 e - 3 scrolls of identify {unknown}
 i - a scroll of enchant weapon {unknown}
 j - a scroll of fog {unknown}
 m - 2 scrolls of teleportation {unknown}
Potions
 g - a potion of agility {unknown}
 k - a potion of magic {unknown}
 n - a potion of brilliance {unknown}
Books
 c - a book of Battle

   Spells                             Type                      Level
   a - Infusion                       Charms                       1
   b - Shroud of Golubria             Charms/Translocation         2
   c - Song of Slaying                Charms                       2
   d - Spectral Weapon                Hexes/Charms                 3
   e - Regeneration                   Charms/Necromancy            3
Comestibles
 d - 4 rations
 l - 7 chunks of flesh


   Skills:
 + Level 2.6 Fighting
 + Level 3.6 Polearms
 + Level 1.2 Armour
 + Level 3.2 Dodging
 + Level 2.3 Spellcasting
 * Level 4.0 Charms


You had 2 spell levels left.
You knew the following spells:

 Your Spells              Type           Power        Failure   Level  Hunger
a - Infusion              Chrm           ##..         7%          1    ##.....
b - Song of Slaying       Chrm           ##......     10%         2    ###....
c - Shroud of Golubria    Chrm/Tloc      #.........   22%         2    ###....


Dungeon Overview and Level Annotations

Branches:
Dungeon (2/15)

Altars:
Trog


Message History

The orc wizard casts a spell at you. The puff of flame hits you!
The orc priest hits you from afar with a trident.
You are too injured to fight recklessly!
The orc wizard gestures at you while chanting.
The magic dart hits you!
* * * LOW HITPOINT WARNING * * *
The orc priest miscasts a cantrip.
Casting: Infusion
Confirm with . or Enter, or press ? or * to list all spells.
Space distorts slightly along a thin shroud covering your body.
The orc wizard closely misses you.
The orc priest miscasts a cantrip.
You closely miss the orc wizard.
The orc wizard is almost dead.
You barely miss the orc wizard.
The orc wizard is almost dead.
The orc priest mumbles some strange prayers to Beogh against you.
Beogh smites you!
You die...

##......###.......)##.##
....................<....
####.......#####.###.#....
####.###....# #.# #.##...
.......#..#.####.###......
.......##............###..
....... #.................
.......###...........####.
......o#o@.###.......####.
o......#.#.##..#.##......#
.......o.#..........####.#
.......###..........# #..
....... #...........# ###
....... #...........# #
#########.........### #
#............# #
....#.........# #


You could see an orc priest and an orc wizard.

Vanquished Creatures
  Robin (D:1)
  An ooze (D:1)
  2 worms (D:2)
  2 leopard geckos
  An orc (D:1)
  2 bats (D:2)
  12 goblins
  7 hobgoblins
  A quokka (D:1)
  A ball python (D:1)
  2 frilled lizards (D:1)
  6 kobolds
  6 rats
44 creatures vanquished.

Notes
Turn   | Place    | Note
-------+----------+-------------------------------------------
     0 | D:1      | Megalobster the Merfolk Skald began the quest for the Orb.
     0 | D:1      | Reached XP level 1. HP: 16/16 MP: 3/3
   288 | D:1      | Reached XP level 2. HP: 22/22 MP: 5/5
   292 | D:1      | Learned a level 2 spell: Song of Slaying
   295 | D:1      | Learned a level 2 spell: Shroud of Golubria
   737 | D:1      | Reached skill level 1 in Armour
  1021 | D:1      | Reached XP level 3. HP: 14/28 MP: 4/6
  1539 | D:2      | Noticed Robin
  1977 | D:2      | Noticed a moth of wrath
  1980 | D:2      | Found a bloodstained altar of Trog.
  2107 | D:1      | Killed Robin
  2107 | D:1      | Reached XP level 4. HP: 22/34 MP: 1/7
  2233 | D:1      | Reached skill level 4 in Charms
  2394 | D:2      | Killed from afar by an orc priest

Vault maps used:
D:1:      lightli_molten_gateway, st_stairs_6, minmay_tetromino_s4
D:2:      tgw_trog, uniq_robin

Skill      XL: |  1  2  3  4 |
---------------+-------------+-----
Armour         | 1 |  1.2
Dodging        | 3 |  3.2
Charms         | 4 |  4.0
Fighting       | |  2.6
Polearms       | |  3.6
Spellcasting   | |  2.3

Action                   |  1- 3 |  4- 6 || total
-------------------------+-------+-------++-------
Melee: Spear             |   189 |    31 ||   220
 Cast: Infusion          |     6 |     1 ||     7
       Song of Slaying   |     1 |     1 ||     2
       Shroud of Golubri |       |     2 ||     2
 Stab: Sleeping          |     2 |       ||     2
  Eat: Chunk             |     1 |     1 ||     2
       Ration            |     1 |       ||     1
Armor: Leather armour    |    25 |    10 ||    35
Dodge: Dodged            |   100 |    26 ||   126

Table legend:
 A = Spawn XP
 B = Non-spawn XP
 C = Spawn XP percentage of total XP
 D = Spawn monster count
 E = Non-spawn monster count
 F = Spawn count percentage of total count
 G = Total turns spent on level
                    A         B        C        D         E        F      G
               +---------+---------+-------+---------+---------+-------+---------
         Total |       0 |      99 |   0.0 |       0 |      44 |   0.0 |  2394
               +---------+---------+-------+---------+---------+-------+---------
           D:1 |       0 |      62 |   0.0 |       0 |      26 |   0.0 |  1811
           D:2 |       0 |      37 |   0.0 |       0 |      18 |   0.0 |   583
               +---------+---------+-------+---------+---------+-------+---------
